 Dungeon Crawl Stone Soup version 0.29-a0-330-g52719c12eb (webtiles) character file.

Game seed: 6659443106229360272

1539 Crownlay the Grappler (level 8, -16/74 HPs)
             Began as a Troll Fighter on May 3, 2022.
             Demolished by an ogre
             ... wielding a +0 giant spiked club
              (24 damage)
             ... on level 6 of the Dungeon.
             The game lasted 00:07:35 (3990 turns).

Crownlay the Grappler (Troll Fighter)               Turns: 3990, Time: 00:07:36

Health: -16/74     AC:  9    Str: 27    XL:     8   Next: 56%
Magic:  7/7        EV:  8    Int:  4    God:
Gold:   237        SH:  8    Dex:  9    Spells: 7/7 levels left

rFire   . . .      SeeInvis .     - Unarmed
rCold   . . .      Faith    .   b - +0 kite shield
rNeg    . . .      Spirit   .   a - +0 robe
rPois   .          Reflect  .   (helmet restricted)
rElec   .          Harm     .   h - +0 cloak
rCorr   +          Rampage  .   (gloves unavailable)
Will    .....                   (boots unavailable)
Stlth   +.........              f - amulet of the acrobat
HPRegen 1.02/turn               o - ring of resist corrosion
MPRegen 0.10/turn               C - +4 ring of protection

@: mighty
A: large, unfitting armour, claws 3, regeneration 1, shaggy fur 1, tough skin 1
a: no special abilities


You were on level 6 of the Dungeon.
You visited 1 branch of the dungeon, and saw 6 of its levels.
You also visited: Sewer.

You collected 315 gold pieces.
You spent 78 gold pieces at shops.

Inventory:

Missiles
 E - a throwing net (quivered)
Armour
 a - a +0 robe (worn)
 b - a +0 kite shield (worn)
 h - a +0 cloak (worn)
Jewellery
 f - an amulet of the acrobat (around neck)
 j - a ring of magical power
 o - a ring of resist corrosion (left claw)
 t - a ring of ice
 y - a ring of magical power
 C - a +4 ring of protection (right claw)
 D - a ring of fire
Wands
 A - a wand of paralysis (11)
Scrolls
 d - 2 scrolls of teleportation
 g - a scroll of identify
 l - 2 scrolls of fog
 m - 2 scrolls of silence
 n - 2 scrolls of enchant armour
 r - a scroll of enchant weapon
 u - 2 scrolls of fear
 v - a scroll of magic mapping {unknown}
 x - 2 scrolls of brand weapon
 z - a scroll of torment {unknown}
Potions
 c - 7 potions of might
 e - 5 potions of curing
 i - a potion of haste {unknown}
 k - a potion of attraction {unknown}
 p - a potion of mutation {unknown}
 q - a potion of magic
 s - 2 potions of cancellation {unknown}
 w - a potion of invisibility {unknown}
 B - a potion of lignification {unknown}


   Skills:
 - Level 2.4 Fighting
 - Level 4.0 Throwing
 - Level 2.4 Dodging
 + Level 5.5 Shields
 - Level 8.0 Unarmed Combat


You had 7 spell levels left.
You didn't know any spells.
Your spell library contained the following spells:

 Spells                   Type           Power      Damage    Failure   Level
 Shock                    Conj/Air       0%         1d3       77%         1
 Blink                    Tloc           0%         N/A       88%         2
 Manifold Assault         Tloc           0%         N/A       100%        5
 Storm Form               Tmut/Air       0%         N/A       100%        7


Dungeon Overview and Level Annotations

Branches:
Dungeon (6/15)              Sewer (visited)
 Temple: D:4-7

Altars:
Nemelex Xobeh
Uskayaw
Yredelemnul

Shops:
D:2 *   D:6 *


Innate Abilities, Weirdness & Mutations

You are too large for most types of armour.
You have claws for hands.
Your natural rate of healing is unusually fast.
You are covered in fur. (AC +1)
You have tough skin. (AC +1)


Message History

It was a potion of curing.
You feel better. The white imp gestures at you. The puff of frost hits you.
* * * LOW HITPOINT WARNING * * *
The orc closely misses you. You block the orc's attack.
You scratch the white imp but do no damage.
You block the white imp's attack. The orc closely misses you.
You mangle the white imp!!
You kill the white imp!
The orc hits you but does no damage. The orc misses you.
The orc completely misses you.
Things that are here:
an adder corpse; a killer bee corpse; a killer bee corpse You barely miss the orc.
The orc hits you with a +0 trident.
You closely miss the orc. You mangle the orc!!
You kill the orc!
The orc priest mumbles some strange prayers to Beogh against you.
Beogh smites you!
* * * LOW HITPOINT WARNING * * *
The orc hits you but does no damage.
You closely miss the orc. The orc hits you but does no damage.
It was a potion of magic.
Magic courses through your body. You block the orc's attack.
You barely miss the orc.
The orc priest calls down the wrath of Beogh upon you.
Beogh smites you!
* * * LOW HITPOINT WARNING * * *
The orc hits you with a +0 whip.
* * * LOW HITPOINT WARNING * * *
You mangle the orc!!
You kill the orc!
You mangle the orc priest!!
You kill the orc priest!
You mangle the ogre!!
The ogre is severely wounded.
The ogre hits you with a +0 giant spiked club!!
You die...

..#.###.....#.# #>#
#.#.# #.#.###.#
#.### ..#.#
#.#.....# #...#
#.#.#
#.################.#
#.#.# #.#
#.........# ..#.#
..# #.#.#######
#.#.# ### #.#.#
....# #.### #.###
#.######@..# ..#
#......O##.# ..#
......#)# .# ..#
..... #.# # ### ....
#.# ... ... #. ..# .
.## .#


You could see an ogre.

Vanquished Creatures
  2 sky beasts
  Pargi (Sewer)
  An ogre (D:4)
  A phantom (D:4)
  A necrophage (D:5)
  2 scorpions
  5 killer bees (D:6)
  A howler monkey (D:6)
  An orc priest (D:6)
  3 hounds
  A jelly (D:6)
  Terence (D:2)
  4 iguanas
  4 orc wizards
  Robin (D:4)
  4 gnolls
  9 adders
  A river rat (D:3)
  2 white imps
  2 ufetubi
  2 worms
  2 dart slugs
  13 orcs
  5 bats
  10 endoplasms
  5 giant cockroaches
  18 goblins
  11 hobgoblins
  3 jackals (D:4)
  5 kobolds
  8 quokkas
  11 ball pythons
  6 frilled lizards
  2 rats (D:3)
148 creatures vanquished.

Notes
Turn   | Place    | Note
-------+----------+-------------------------------------------
     0 | D:1      | Crownlay the Troll Fighter began the quest for the Orb.
     0 | D:1      | Reached XP level 1. HP: 22/22 MP: 0/0
    85 | D:1      | Reached XP level 2. HP: 27/29 MP: 1/1
   206 | D:1      | Reached skill level 1 in Throwing
   259 | D:1      | Reached XP level 3. HP: 34/36 MP: 2/2
   506 | D:1      | Reached skill level 3 in Unarmed Combat
   989 | D:2      | Noticed Terence
   994 | D:2      | Killed Terence
   995 | D:2      | Reached XP level 4. HP: 43/44 MP: 3/3
  1011 | D:2      | Found a faded altar of an unknown god.
  1021 | D:2      | Got Plato's Tome of Lightness
  1225 | D:2      | Found Ynumasyo's Assorted Antiques.
  1228 | D:2      | Bought a golden potion for 25 gold pieces
  1228 | D:2      | Bought a scroll labelled MEPTES YMAISI for 28 gold pieces
  1228 | D:2      | Bought a lumpy brown potion for 25 gold pieces
  1377 | D:2      | You fall into a shaft and drop 1 floor!
  1578 | D:3      | Found a glowing drain.
  1588 | D:3      | Reached skill level 4 in Unarmed Combat
  1588 | D:3      | Reached XP level 5. HP: 50/50 MP: 4/4
  1598 | Sewer    | Entered a sewer
  1622 | Sewer    | Noticed Pargi
  1630 | Sewer    | Killed Pargi
  2125 | D:4      | Noticed a sky beast
  2132 | D:4      | Reached XP level 6. HP: 40/59 MP: 5/5
  2148 | D:4      | Killed a sky beast
  2149 | D:4      | Reached skill level 5 in Unarmed Combat
  2221 | D:4      | Noticed Robin
  2287 | D:4      | Killed Robin
  2365 | D:4      | Reached XP level 7. HP: 62/66 MP: 6/6
  2705 | D:4      | Reached skill level 6 in Unarmed Combat
  2832 | D:5      | Entered Level 5 of the Dungeon
  2889 | D:5      | Found a sparkling altar of Nemelex Xobeh.
  2892 | D:5      | Found a basalt altar of Yredelemnul.
  3093 | D:5      | Found a hide-covered altar of Uskayaw.
  3240 | D:5      | Reached XP level 8. HP: 74/74 MP: 7/7
  3354 | D:5      | Reached skill level 7 in Unarmed Combat
  3637 | D:6      | Found Simomuaxt's Lightly-Used Armoury.
  3961 | D:6      | Reached skill level 5 in Shields
  3968 | D:6      | Reached skill level 8 in Unarmed Combat
  3990 | D:6      | Demolished by an ogre

Illustrated notes

Levels and vault maps discovered:
D:1:      wander_arrival_estate, layout_basic, minmay_misc_feat_pillars,
          dreamdust_wishing_well, minmay_tromino_v2
D:2:      layout_loops_cross, serial_shops, nicolae_shop_behind_doors,
          shapermc_ecumenical_altar_rom_forum, kennysheep_big_empty_room,
          grunt_decor_mini_mirrors, uniq_terence
D:3:      layout_basic, portal_sewer_entry_a
D:4:      layout_basic, minmay_crossroads, uniq_robin
D:5:      layout_loops_corners, mainiacjoe_overflow_small_starburst,
          chequers_temple_overflow_statue_of_worship,
          nicolae_figureground_sparkle
D:6:      layout_basic, minmay_shop_damaged

Skill      XL: |  1  2  3  4  5  6  7  8 |
---------------+-------------------------+-----
Throwing       | 1 2 3 4 |  4.0
Unarmed Combat | 3 4 5 6 8 |  8.0
Shields        | 3 4 5 |  5.5
Fighting       | |  2.4
Dodging        | |  2.4

Action                   |  1- 3 |  4- 6 |  7- 9 || total
-------------------------+-------+-------+-------++-------
Melee: Unarmed           |    59 |   186 |   138 ||   383
  Use: Scroll            |       |     5 |     3 ||     8
       Potion            |       |       |     3 ||     3
 Stab: Sleeping          |     2 |       |       ||     2
Armor: Robe              |    13 |    52 |    45 ||   110
Dodge: Dodged            |    34 |    97 |    49 ||   180
Block: Kite shield       |    16 |    85 |    50 ||   151

Table legend: (Time is in decaauts)
 A = Elapsed time spent in this place.
 B = Non-inter-level travel time spent in this place.
 C = Inter-level travel time spent in this place.
 D = Time resting spent in this place.
 E = Time spent auto-exploring this place.
 F = Levels seen in this place.
 G = Mean time per level.
                   A        B        C        D        E       F      G
               +--------+--------+--------+--------+--------+-----+--------+
         Total |   4055 |   3952 |    103 |      0 |   2901 |   7 |  579.3 |
       Dungeon |   3826 |   3723 |    103 |      0 |   2763 |   6 |  637.7 |
         Sewer |    228 |    228 |      0 |      0 |    137 |   1 |  228.0 |
               +--------+--------+--------+--------+--------+-----+--------+

Top non-repeatable levels by time:
     D:1: 855 daAuts
     D:5: 817 daAuts
     D:4: 749 daAuts
     D:3: 535 daAuts
     D:2: 528 daAuts
     D:6: 340 daAuts
   Sewer: 228 daAuts
